 Dungeon Crawl Stone Soup version 0.22-a0-278-g8f80174 (webtiles) character file.

130 Vesto the Skirmisher (level 5, 0/33 HPs)
             Began as a Gargoyle Fighter on Mar 15, 2018.
             Killed from afar by an orc wizard (4 damage)
             ... with a magic dart
             ... on level 5 of the Dungeon.
             The game lasted 00:01:50 (809 turns).

Vesto the Skirmisher (Gargoyle Fighter)              Turns: 809, Time: 00:01:50

Health: 0/33       AC: 10    Str: 24    XL:     5   Next: 14%
Magic:  7/7        EV:  3    Int: 10    God:
Gold:   82         SH:  9    Dex:  9    Spells: 7/7 levels left

rFire    . . .     SeeInvis .   a - +0 war axe
rCold    . . .     Gourm    .   c - +0 shield
rNeg     + . .     Faith    .   b - +0 scale mail
rPois    ∞         Spirit   .   (no helmet)
rElec    +         Reflect  .   (no cloak)
rCorr    .         Harm     .   (no gloves)
MR       .....                  (no boots)
Stlth    ..........             (no amulet)
HPRegen  0.11/turn              h - -5 ring of evasion (curse)
MPRegen  0.10/turn              (no ring)

@: mighty, slowed, very slow
A: negative energy resistance 1, electricity resistance, unbreathing,
petrification resistance, rot immunity, AC +4
a: no special abilities


You were on level 5 of the Dungeon.
You were not hungry.

You visited 1 branch of the dungeon, and saw 5 of its levels.

You collected 82 gold pieces.

Inventory:

Hand Weapons
 a - a +0 war axe (weapon)
Armour
 b - a +0 scale mail (worn)
 c - a +0 shield (worn)
Jewellery
 h - a cursed -5 ring of evasion (left hand)
Scrolls
 e - a scroll of fear {unknown}
 g - 3 scrolls of amnesia {unknown}
 j - a scroll of magic mapping {unknown}
 k - a scroll of immolation {unknown}
 l - 2 scrolls of remove curse {unknown}
Comestibles
 f - 3 rations


   Skills:
 * Level 4.0 Fighting
 * Level 2.6 Axes
 + Level 1.0 Throwing
 + Level 3.6 Armour
 + Level 0.8 Dodging
 + Level 3.6 Shields
 * Level 1.6 Spellcasting


You had 7 spell levels left.
You didn't know any spells.

Dungeon Overview and Level Annotations

Branches:
Dungeon (5/15)
 Temple: D:4-7

Altars:


Innate Abilities, Weirdness & Mutations

You are resistant to torment.
Your stone body is resilient. (AC +4)
You are immune to poison.
You resist negative energy. (rN+)
You are resistant to electric shocks. (rElec)
You can survive without breathing.
You are immune to petrification.
You are immune to rotting.


Message History

The plant is lightly damaged.
You hit the plant.
Unknown command.
You hit the plant.
The plant is lightly damaged.
You hit the plant but do no damage.
The orc wizard points at you and mumbles some strange words.
You feel yourself slow down.
You feel very mighty all of a sudden. You block the orc wizard's attack.
The orc wizard hits you but does no damage.
You hit the orc wizard.
The orc wizard is heavily wounded.
You hit the plant. x2
The orc wizard casts a spell.
The orc wizard blinks!
The orc wizard hits you but does no damage.
The orc wizard casts a spell at you. The magic dart hits you!
You die...

...# ..# ..# ...
##.## ... #.# ##
.#######<#..#...
........@.......
..P...PP.o..P...
.♣♣♣P..♣♣♣..P♣♣♣
♣... P..♣ ♣...
P.P♣


PP... ...P ...... ..... .P...P P..P You could see an orc wizard.

Vanquished Creatures
  A hound (D:4)
  2 orc priests
  A worker ant (D:4)
  An ooze (D:2)
  3 orcs (D:3)
  A giant cockroach (D:3)
  A goblin (D:3)
  3 jackals (D:4)
  A bat (D:3)
  A frilled lizard (D:4)
  A kobold (D:1)
16 creatures vanquished.

Notes
Turn   | Place    | Note
-------+----------+-------------------------------------------
     0 | D:1      | Vesto the Gargoyle Fighter began the quest for the Orb.
     0 | D:1      | Reached XP level 1. HP: 14/14 MP: 1/1
    92 | D:3      | Reached XP level 2. HP: 18/19 MP: 2/2
   162 | D:3      | Reached skill level 1 in Spellcasting
   162 | D:3      | Reached XP level 3. HP: 15/23 MP: 2/4
   264 | D:5      | Entered Level 5 of the Dungeon
   372 | D:4      | Reached XP level 4. HP: 29/29 MP: 5/5
   803 | D:5      | Reached skill level 4 in Fighting
   803 | D:5      | Reached skill level 1 in Throwing
   803 | D:5      | Reached XP level 5. HP: 3/33 MP: 7/7
   809 | D:5      | Killed from afar by an orc wizard

Vault maps used:
D:1:      tarquinn_simple_flora_water_d, minmay_small_reverse_x
D:2:      lemuel_blue_sif_altar, uniq_sigmund
D:3:      lemuel_crystal_altar, serial_bayou_pond_e, uniq_crazy_yiuf_cottage,
          uniq_robin, uniq_ijyb
D:5:      minmay_temple_entry_enclosed_plants, serial_shops,
          kennysheep_little_box, first_ration, kennysheep_boxes,
          uniq_blork_the_orc

Skill      XL: |  1  2  3  4 |
---------------+-------------+-----
Axes           | 2 |  2.6
Spellcasting   | 1 |  1.6
Fighting       | 4 |  4.0
Throwing       | 1 |  1.0
Armour         | |  3.6
Dodging        | |  0.8
Shields        | |  3.6

Action                   |  1- 3 |  4- 6 || total
-------------------------+-------+-------++-------
Melee: War axe           |    52 |    30 ||    82
  Use: Potion            |       |     1 ||     1
Armor: Scale mail        |    32 |    20 ||    52
Dodge: Dodged            |    16 |     4 ||    20
Block: Shield            |    32 |    21 ||    53

Table legend:
 A = Spawn XP
 B = Non-spawn XP
 C = Spawn XP percentage of total XP
 D = Spawn monster count
 E = Non-spawn monster count
 F = Spawn count percentage of total count
 G = Total turns spent on level
                    A         B        C        D         E        F      G
               +---------+---------+-------+---------+---------+-------+---------
         Total |       0 |     187 |   0.0 |       0 |      16 |   0.0 |   809
               +---------+---------+-------+---------+---------+-------+---------
           D:1 |       0 |       1 |   0.0 |       0 |       1 |   0.0 |    42
           D:2 |       0 |       7 |   0.0 |       0 |       1 |   0.0 |    47
           D:3 |       0 |      55 |   0.0 |       0 |       7 |   0.0 |   117
           D:4 |       0 |      83 |   0.0 |       0 |       6 |   0.0 |   590
           D:5 |       0 |      41 |   0.0 |       0 |       1 |   0.0 |    13
               +---------+---------+-------+---------+---------+-------+---------
